 Dungeon Crawl Stone Soup version 0.28.0-49-g6dfe1f597d (webtiles) character file.

Game seed: 16179493816625865547

30 Gabide the Poker (level 3, -1/29 HPs)
             Began as a Human Monk on May 12, 2022.
             Slain by an adder (5 damage)
             ... on level 2 of the Dungeon.
             The game lasted 00:01:34 (1039 turns).

Gabide the Poker (Human Monk)                       Turns: 1039, Time: 00:01:35

Health: -1/29      AC:  2    Str: 13    XL:     3   Next: 35%
Magic:  12/12      EV: 13    Int: 10    God:
Gold:   33         SH:  0    Dex: 15    Spells: 2/2 levels left

rFire   . . .      SeeInvis .   a - +0 spear
rCold   . . .      Faith    .   (no shield)
rNeg    . . .      Spirit   .   b - +0 robe
rPois   .          Reflect  .   (no helmet)
rElec   .          Harm     .   (no cloak)
rCorr   .          Rampage  .   (no gloves)
Will    .....                   (no boots)
Stlth   ++........              (no amulet)
HPRegen 0.09/turn               c - ring of magical power
MPRegen 0.13/turn               h - ring of flight

@: flying
A: no striking features
a: no special abilities


You were on level 2 of the Dungeon.
You visited 1 branch of the dungeon, and saw 2 of its levels.

You collected 33 gold pieces.

Inventory:

Hand Weapons
 a - a +0 spear (weapon)
Armour
 b - a +0 robe (worn)
Jewellery
 c - a ring of magical power (left hand)
 h - a ring of flight (right hand)
Potions
 g - a potion of magic


   Skills:
 - Level 3.0 Fighting
 + Level 4.2 Polearms
 - Level 3.0 Dodging
 - Level 2.0 Stealth


You had 2 spell levels left.
You didn't know any spells.
Your spell library was empty.

Dungeon Overview and Level Annotations

Branches:
Dungeon (2/15)

Altars:


Message History

You closely miss the adder.
You feel sick. The adder misses you.
You hit the adder.
The adder is lightly wounded.
You feel sick. The adder bites you.
You are too injured to fight recklessly!
You are too injured to fight recklessly!
You are too injured to fight recklessly!
You are too injured to fight recklessly!
You are too injured to fight recklessly!
You are too injured to fight recklessly!
You are too injured to fight recklessly!
You are too injured to fight recklessly!
You are too injured to fight recklessly!
You are too injured to fight recklessly!
You are too injured to fight recklessly!
You are too injured to fight recklessly!
You are too injured to fight recklessly!
You are too injured to fight recklessly!
You are too injured to fight recklessly!
You are too injured to fight recklessly!
You are too injured to fight recklessly!
Okay, then.
As you read the scroll labelled OMACAT VUELYZI, it crumbles to dust.
You assume a fearsome visage.
The adder looks frightened!
The orc looks frightened!
It was a scroll of fear.
You feel sick.
Cornered, the adder turns to fight!
You miss the adder.
You feel sick. The adder bites you.
* * * LOW HITPOINT WARNING * * *
The adder misses you.
You closely miss the adder.
You feel sick. The adder misses you.
You hit the adder but do no damage.
You feel sick. The adder misses you.
You hit the adder.
The adder is heavily wounded.
You feel sick. The adder barely misses you.
You barely miss the adder.
The adder is heavily wounded.
You feel sick.
You are no longer poisoned.
The adder bites you.
You die...

......# ...##......
....#...# #...#..PP.
.#######.##....###.. .#
....... .## .# ####...#
.# .# #....o.# .# .##
####...# .# # .###
#..(...###.#..#.#
########..o....S@......#
##.......##..####.#.####
##.########..# .# #.#
...... .# #.# ##.#..##
## #.# #....# ##.##
##.#.# #...# . ..#.#


You could see an adder and an orc (fleeing).

Vanquished Creatures
  An adder (D:2)
  A dart slug (D:2)
  A bat (D:1)
  3 endoplasms (D:1)
  A giant cockroach (D:1)
  3 goblins (D:1)
  2 quokkas (D:1)
  A ball python (D:1)
  2 frilled lizards (D:1)
  2 kobolds
  A rat (D:1)
18 creatures vanquished.

Notes
Turn   | Place    | Note
-------+----------+-------------------------------------------
     0 | D:1      | Gabide the Human Monk began the quest for the Orb.
     0 | D:1      | Reached XP level 1. HP: 18/18 MP: 1/1
   319 | D:1      | Reached XP level 2. HP: 24/24 MP: 2/2
   807 | D:2      | Reached skill level 4 in Polearms
   807 | D:2      | Reached XP level 3. HP: 27/29 MP: 3/3
  1039 | D:2      | Slain by an adder

Illustrated notes

Levels and vault maps discovered:
D:1:      psy_arrival_heroes, layout_basic
D:2:      layout_loops_ring, shapermc_ecumenical_altar_gd,
          serial_co_window_serial, co_window_corner_a,
          co_window_of_opportunity_a, co_window_paths_b, co_window_paths_b,
          co_window_paths_a, co_window_paths_a, co_window_of_opportunity_a,
          co_window_corner_b, co_window_2corner, co_window_broadway_b,
          glass_columns_a, glass_columns_a, grunt_decor_one_mirror, uniq_sigmund

Skill      XL: |  1  2 |
---------------+-------+-----
Polearms       | 4 |  4.2
Fighting       | |  3.0
Dodging        | |  3.0
Stealth        | |  2.0

Action                   || total
-------------------------++-------
Melee: Spear             ||    94
       Punch             ||     1
  Use: Scroll            ||     3
       Potion            ||     1
 Stab: Sleeping          ||     8
Armor: Robe              ||    11
Dodge: Dodged            ||    53
